 Dungeon Crawl Stone Soup version 0.25.1-2-g60ff931df9 (webtiles) character file.

Game seed: 17381259764569982309

103 hawla the Magician (level 4, -1/33 HPs)
             Began as a Draconian Conjurer on Nov 26, 2020.
             Killed by divine providence
             ... invoked by an orc priest
              (16 damage)
             ... on level 2 of the Dungeon.
             The game lasted 00:03:40 (2250 turns).

hawla the Magician (Draconian Conjurer)             Turns: 2250, Time: 00:03:40

Health: -1/33      AC:  5    Str: 11    XL:     4   Next: 51%
Magic:  1/10       EV: 12    Int: 16    God:
Gold:   65         SH:  0    Dex: 11    Spells: 9/12 levels left

rFire    . . .     SeeInvis .   (no weapon)
rCold    . . .     Gourm    .   (no shield)
rNeg     . . .     Faith    .   (armour unavailable)
rPois    .         Spirit   .   (helmet restricted)
rElec    .         Reflect  .   (no cloak)
rCorr    .         Harm     .   (no gloves)
MR       .....                  (no boots)
Stlth    ++........             (no amulet)
HPRegen  0.11/turn              (no ring)
MPRegen  0.12/turn              (no ring)

@: no status effects
A: unfitting armour, cold-blooded, AC +5
a: no special abilities


You were on level 2 of the Dungeon.
You were near starving.

You visited 1 branch of the dungeon, and saw 2 of its levels.

You collected 65 gold pieces.

Inventory:

Missiles
 a - 26 poisoned darts (quivered)
 g - 2 atropa-tipped darts
Scrolls
 c - a scroll of enchant weapon
 e - a scroll of identify
 f - a scroll of blinking {unknown}
 h - 2 scrolls of teleportation {unknown}
Potions
 d - a potion of curing
 i - a potion of experience {unknown}
Comestibles
 b - 5 rations


   Skills:
 - Level 1.7 Dodging
 - Level 1.7 Stealth
 + Level 4.5 Spellcasting
 - Level 4.0 Conjurations


You had 9 spell levels left.
You knew the following spells:

 Your Spells              Type           Power        Failure   Level  Hunger
a - Magic Dart            Conj           ###.         3%          1    None
b - Searing Ray           Conj           ###...       4%          2    ##.....

Your spell library contained the following spells:

 Spells                   Type           Power        Failure   Level  Hunger
 Dazzling Flash           Conj/Hex       ##....       22%         3    ###....
 Fulminant Prism          Conj/Hex       ##........   56%         4    ####...
 Iskenderun's Mystic Bla  Conj/Tloc      ##......     56%         4    ####...


Dungeon Overview and Level Annotations

Branches:
Dungeon (2/15)

Altars:


Innate Abilities, Weirdness & Mutations

Your plain brown scales are hard. (AC +5)
You cannot fit into any form of body armour.
You are cold-blooded and may be slowed by cold attacks.


Message History

Aiming: Searing Ray (safe; 4% risk of failure)
Press: ? - help, Shift-Dir - straight line, f - orc priest
Aim: an orc priest, wielding a +0 flail The searing ray hits the orc priest.
The orc priest is moderately wounded. (Press . to maintain the ray.)
The orc priest barely misses you.
The searing ray hits the orc priest.
The orc priest is severely wounded.
The orc priest barely misses you.
You hit the orc priest but do no damage.
The orc priest is severely wounded.
You completely miss the orc priest.
The orc priest is severely wounded.
The orc priest hits you with a +0 flail!
You barely miss the orc priest.
The orc priest is severely wounded.
The orc priest mumbles some strange prayers to Beogh against you.
Beogh smites you!
You die...

#.......######
#.#####.#..... #.#
#.#.#### #.# #.#.# #
#.#####.#.# #
#.....#.#.# #
#.....#.#.# #
###########.....#.#.# #
....).o@)...........####
.......$............>...
##.#........#####.#.#.##
#........+.....#...#
#........##....#...#
#........##.##.#...##
#........##.#.<#....#
#........##.#..#...)#
#........##.#..#.#..#


You could see an orc priest.

Vanquished Creatures
  An orc wizard (D:2)
  4 gnolls (D:2)
  An ooze (D:1)
  A dart slug (D:1)
  A leopard gecko (D:1)
  3 orcs
  3 giant cockroaches
  A goblin (D:2)
  4 hobgoblins
  3 bats
  3 kobolds
  4 rats (D:1)
29 creatures vanquished.

Notes
Turn   | Place    | Note
-------+----------+-------------------------------------------
     0 | D:1      | hawla the Draconian Conjurer began the quest for the Orb.
     0 | D:1      | Reached XP level 1. HP: 14/14 MP: 3/3
   225 | D:1      | Reached XP level 2. HP: 15/20 MP: 0/5
  1610 | D:1      | Reached XP level 3. HP: 12/26 MP: 0/7
  1778 | D:1      | Learned a level 2 spell: Searing Ray
  1859 | D:2      | Reached XP level 4. HP: 33/33 MP: 1/10
  2250 | D:2      | Killed from afar by an orc priest

Illustrated notes

Levels and vault maps discovered:
D:1:      co_arrival_square_in_a_square_in_a_square, layout_basic
D:2:      layout_basic

Skill      XL: |  1  2  3 |
---------------+----------+-----
Spellcasting   | 3 4 |  4.5
Dodging        | |  1.7
Stealth        | |  1.7
Conjurations   | |  4.0

Action                   |  1- 3 |  4- 6 || total
-------------------------+-------+-------++-------
Melee: Unarmed           |     9 |     3 ||    12
 Cast: Magic Dart        |    56 |     6 ||    62
       Searing Ray       |     4 |     7 ||    11
  Use: Scroll            |     4 |       ||     4
  Eat: Chunk             |     2 |     1 ||     3
Armor: Skin              |     5 |     1 ||     6
Dodge: Dodged            |    13 |     9 ||    22
